 Dungeon Sprint DCSS version 0.28.0-43-g3370ac3207 (webtiles) character file.

Game seed: 4683174178394881924

1714 boopmooplesden the Fencer (level 8, -8/90 HPs)
             Began as a Minotaur Berserker on Mar 11, 2022.
             Was a High Priest of Trog.
             Mangled by a hornet (11 damage)
             ... in the Dungeon (Sprint II: "The Violet Keep of Menkaure").
             The game lasted 00:02:26 (1461 turns).

boopmooplesden the Fencer (Minotaur Berserker)      Turns: 1461, Time: 00:02:27

Health: -8/90      AC: 13    Str: 27    XL:     8   Next: 74%
Magic:  7/7        EV: 13    Int:  6    God:    Trog [*****.]
Gold:   46         SH:  0    Dex: 12    Spells: 7/7 levels left

rFire   . . .      SeeInvis .   a - +0 falchion
rCold   . . .      Faith    .   (no shield)
rNeg    + . .      Spirit   .   j - +1 scale mail of Winter {-Tele rN+ Will+ Str+3}
rPois   .          Reflect  .   (helmet restricted)
rElec   +          Harm     .   k - +0 cloak of the Three Defenders {rElec Int+2}
rCorr   .          Rampage  .   m - +0 pair of gloves
Will    +....      NoTele   +   l - +0 pair of boots
Stlth   ..........              (no amulet)
HPRegen 0.25/turn               (no ring)
MPRegen 0.10/turn               (no ring)

@: lethally poisoned (-8 -> -9), on berserk cooldown, slowed, very slow
A: horns 2, retaliatory headbutt, agile 1
a: Renounce Religion, Berserk, Trog's Hand, Brothers in Arms


You were in the Dungeon.
You worshipped Trog.
Trog was extremely pleased with you.
You visited 1 branch You collected 972 gold pieces.
You spent 926 gold pieces at shops.

Inventory:

Hand Weapons
 a - a +0 falchion (weapon)
Missiles
 i - 3 boomerangs (quivered)
Armour
 b - a +0 animal skin
 j - the +1 scale mail of Winter (worn) {-Tele rN+ Will+ Str+3}
   (You bought it in a shop in the Dungeon)

   Str:       It affects your strength (+3).
   rN:        It protects you from negative energy.
   -Tele:     It prevents most forms of teleportation.
   Will:      It increases your willpower.
 k - the +0 cloak of the Three Defenders (worn) {rElec Int+2}
   (You bought it in a shop in the Dungeon)

   Int:       It affects your intelligence (+2).
   rElec:     It insulates you from electricity.
 l - a +0 pair of boots (worn)
 m - a +0 pair of gloves (worn)
Scrolls
 h - a scroll of blinking
Potions
 c - a potion of curing
 d - a potion of heal wounds
 e - a potion of haste
 f - 2 potions of magic
 g - a potion of berserk rage


   Skills:
 + Level 14.6 Fighting
 + Level 15.6 Long Blades
 + Level 7.4 Armour
 + Level 6.9 Dodging
 + Level 1.2 Stealth


You had 7 spell levels left.
You didn't know any spells.
Your spell library was empty.

Dungeon Overview and Level Annotations

Branches:
Dungeon (1/1)

Altars:
Cheibriados
Dithmenos
Elyvilon
Fedhas
Gozag
Hepliaklqana
Kikubaaqudgha
Makhleb
Qazlal
Ru
Sif Muna
Trog
Wu Jian
Beogh
Jiyva
Lugonu

Shops:
D ::!(=?=!=!![[[(

Annotations:
D exclusion: oklob plant


Innate Abilities, Weirdness & Mutations

You have a pair of horns on your head.
You reflexively headbutt those who attack you in melee.
You are agile. (Dex +2)


Message History

The polar bear bites you!
* * * LOW HITPOINT WARNING * * *
The polar bear claws you but does no damage.
The polar bear claws you.
* * * LOW HITPOINT WARNING * * *
You can move again.
You barely miss the hornet.
You feel sick. The yaktaur barely misses you.
The hornet stings you but does no damage.
The polar bear misses you. x2; The polar bear closely misses you.
You hit the hornet but do no damage. The hornet closely misses you.
The yaktaur hits you but does no damage.
You hit the hornet. Your headbutt misses the hornet.
The hornet is lightly wounded.
You feel sick.
The polar bear bites you but does no damage.
The polar bear completely misses you. The polar bear claws you.
* * * LOW HITPOINT WARNING * * *
The hornet stings you!
* * * LOW HITPOINT WARNING * * *
You feel as though you will be slow longer.
You slash the hornet! Your headbutt misses the hornet.
The hornet is heavily wounded.
The yaktaur closely misses you.
The hornet stings you but does no damage.
You barely miss the hornet.
The hornet is heavily wounded.
You are no longer berserk.
You are exhausted.
You feel as though you will be slow longer.
You feel sick.
The polar bear bites you but does no damage.
The polar bear claws you but does no damage.
The polar bear closely misses you.
The hornet stings you but does no damage.
You slash the yaktaur! You punch the yaktaur.
The yaktaur is heavily wounded.
You feel sick. The yaktaur hits you.
* * * LOW HITPOINT WARNING * * *
The hornet stings you!
You die...

.. #^ ##.#### +.##. #.#
...# ...#### .####..##
#..##$# ###.##..#
+..#yc# ##...#..#
#..#h@#
.'##.'..####.^##.#
##.###....###...##▓▓▓
###.##......≈≈≈≈≈≈≈≈≈≈≈
.####§≈..§..≈#+########
..#≈≈≈≈≈≈≈..≈#....._..#
###≈≈§≈≈§≈≈.≈#...._._.#
##≈≈≈≈§§§≈§≈≈#..._._._#
≈≈≈≈≈≈§§≈≈≈≈≈#.._._._.#


You could see a polar bear, a yaktaur and a hornet.

Vanquished Creatures
  2 polar bears (D)
  2 wyverns (D)
  4 neqoxecs (D)
  A vampire mosquito (D)
  Menkaure (D)
  A water moccasin (D)
  4 scorpions (D)
  3 worms (D)
18 creatures vanquished.

Vanquished Creatures (others)
  A water moccasin (D)
1 creature vanquished.

Grand Total: 19 creatures vanquished

Notes
Turn   | Place    | Note
-------+----------+-------------------------------------------
     0 | D        | boopmooplesden the Minotaur Berserker began the quest for
                  | the Orb.
     0 | D        | Reached XP level 1. HP: 19/19 MP: 0/0
    11 | D        | Reached skill level 4 in Long Blades
    19 | D        | Reached ** piety under Trog
    20 | D        | Reached XP level 2. HP: 17/28 MP: 1/1
    97 | D        | Noticed Menkaure
    99 | D        | Killed Menkaure
   100 | D        | Reached skill level 5 in Fighting
   100 | D        | Reached skill level 5 in Long Blades
   200 | D        | Noticed a neqoxec
   200 | D        | Noticed a neqoxec
   200 | D        | Noticed a neqoxec
   200 | D        | Noticed a neqoxec
   207 | D        | Killed a neqoxec
   208 | D        | Reached skill level 9 in Long Blades
   208 | D        | Reached XP level 3. HP: 40/41 MP: 2/2
   208 | D        | Reached XP level 4. HP: 48/49 MP: 3/3
   208 | D        | Reached XP level 5. HP: 54/55 MP: 4/4
   212 | D        | Killed a neqoxec
   212 | D        | Reached *** piety under Trog
   213 | D        | Reached skill level 10 in Long Blades
   213 | D        | Reached skill level 5 in Armour
   213 | D        | Reached XP level 6. HP: 54/66 MP: 5/5
   216 | D        | Gained mutation: You are agile. (Dex +2) [a neqoxec]
   218 | D        | Killed a neqoxec
   219 | D        | Reached skill level 10 in Fighting
   219 | D        | Reached skill level 11 in Long Blades
   222 | D        | Killed a neqoxec
   223 | D        | Reached skill level 12 in Long Blades
   223 | D        | Reached skill level 5 in Dodging
   223 | D        | Reached XP level 7. HP: 60/74 MP: 6/6
   341 | D        | Reached **** piety under Trog
   342 | D        | Reached skill level 13 in Long Blades
   557 | D        | Noticed a wyvern
   557 | D        | Noticed a wyvern
   570 | D        | Killed a wyvern
   571 | D        | Reached skill level 14 in Long Blades
   981 | D        | Killed a wyvern
   982 | D        | Reached XP level 8. HP: 74/86 MP: 7/7
   993 | D        | Found Hobb's Weapon Emporium.
   993 | D        | Found Vuzeb's Antique Armour Shoppe.
   993 | D        | Found Xoag's Antique Armour Emporium.
   994 | D        | Found Datanig's Armour Emporium.
   994 | D        | Found Enobeil's Distillery.
   994 | D        | Found Enlyarch's Jewellery Emporium.
   994 | D        | Found Cimun's Distillery.
   995 | D        | Found Isoroexe's Magic Scroll Shoppe.
   995 | D        | Found Maofem's Distillery.
   995 | D        | Found Foorav's Jewellery Emporium.
   995 | D        | Found Wus Irr's Jewellery Shoppe.
  1001 | D        | Reached ***** piety under Trog
  1044 | D        | Found Ostram's Antique Weapon Shoppe.
  1044 | D        | Found Peiwn's Distillery.
  1044 | D        | Noticed a great orb of eyes
  1044 | D        | Noticed an oklob plant
  1045 | D        | Found Apixoc's Book Shoppe.
  1045 | D        | Found Gofic's Book Shoppe.
  1045 | D        | Noticed a manticore
  1362 | D        | Noticed a manticore
  1363 | D        | Noticed a manticore
  1369 | D        | Bought the +1 scale mail of Winter {-Tele rN+ Will+ Str+3}
                  | for 371 gold pieces
  1383 | D        | Bought a warped cloak for 285 gold pieces
  1383 | D        | Identified the +0 cloak of the Three Defenders {rElec
                  | Int+2} (You bought it in a shop in the Dungeon)
  1383 | D        | Bought a pair of boots for 135 gold pieces
  1383 | D        | Bought a pair of gloves for 135 gold pieces
  1434 | D        | Found a blossoming altar of Fedhas.
  1435 | D        | Found a white marble altar of Elyvilon.
  1436 | D        | Found a shadowy altar of Dithmenos.
  1436 | D        | Found a corrupted altar of Lugonu.
  1436 | D        | Found an opulent altar of Gozag.
  1436 | D        | Found a burning altar of Makhleb.
  1437 | D        | Found a snail-covered altar of Cheibriados.
  1437 | D        | Found an ancient bone altar of Kikubaaqudgha.
  1437 | D        | Found a bloodstained altar of Trog.
  1438 | D        | Found a viscous altar of Jiyva.
  1438 | D        | Found a shimmering blue altar of Sif Muna.
  1439 | D        | Found a hazy altar of Hepliaklqana.
  1439 | D        | Found a sacrificial altar of Ru.
  1440 | D        | Found a stormy altar of Qazlal.
  1440 | D        | Found an ornate altar of the Wu Jian Council.
  1441 | D        | Noticed a yaktaur
  1441 | D        | Noticed a hornet
  1441 | D        | Noticed a polar bear
  1441 | D        | Noticed a polar bear
  1445 | D        | Killed a polar bear
  1446 | D        | Reached skill level 15 in Long Blades
  1446 | D        | Reached skill level 1 in Stealth
  1446 | D        | Noticed a polar bear
  1451 | D        | Killed a polar bear
  1453 | D        | Paralysed by a hornet for 2 turns
  1461 | D        | HP: 3/90 [yaktaur (6)]
  1461 | D        | Mangled by a hornet

Illustrated notes

Levels and vault maps discovered:
D:        the_violet_keep_of_menkaure [sprint2_stairs_cluster_1,
          sprint2_shoproom, sprint2_temple, sprint2_basic_supplies,
          sprint2_obstacle_5, sprint2_obstacle_7, sprint2_obstacle_3,
          sprint2_obstacle_2, sprint2_obstacle_1, sprint2_timed_cluster_1,
          sprint2_smallroom_cluster_1, sprint2_smallroom_final_cluster_1,
          sprint2_transparent_cluster_1, sprint2_second_timed_cluster_1,
          sprint2_sniper_area_1, sprint2_heavy_combat_area_1,
          sprint2_mutation_trap_area_1, sprint2_forest_area_1,
          sprint2_light_combat_area_1, sprint2_behind_water_1,
          sprint2_near_end_vault_1]

Skill      XL: |  1  2  3  4  5  6  7  8 |
---------------+-------------------------+-----
Fighting       | 4 8 9 11 13 14 | 14.6
Long Blades    | 4 9 10 12 14 15 | 15.6
Armour         | 4 5 6 7 |  7.4
Dodging        | 3 4 5 6 |  6.9
Stealth        | 1 |  1.2

Action                   |  1- 3 |  4- 6 |  7- 9 || total
-------------------------+-------+-------+-------++-------
Melee: Falchion          |    20 |    14 |    67 ||   101
       Headbutt          |     3 |     1 |     8 ||    12
       Punch             |       |       |     1 ||     1
Invok: Berserk           |     2 |       |     4 ||     6
Armor: Scale mail        |       |       |    21 ||    21
       Animal skin       |       |       |     1 ||     1
Dodge: Dodged            |     6 |     2 |    35 ||    43
